 Dungeon Crawl Stone Soup version 0.28-a0-265-g048bc9fd10 (webtiles) character file.

Game seed: 13073217930710880056

247 robertstho the Magician (level 6, 0/43 HPs)
             Began as a Djinni Fire Elementalist on Aug 27, 2021.
             Slain by a black bear (2 damage)
             ... on level 4 of the Dungeon.
             The game lasted 00:06:42 (4863 turns).

robertstho the Magician (Djinni Fire Elementalist)  Turns: 4863, Time: 00:06:42

Health: 0/43       AC:  2    Str:  7    XL:     6   Next: 34%
Gold:   204        EV: 13    Int: 19    God:
                   SH:  0    Dex: 19

rFire   + + .      SeeInvis .   h - +1 short sword
rCold   x . .      Faith    .   (no shield)
rNeg    . . .      Spirit   .   a - +0 robe
rPois   ∞          Reflect  .   (no helmet)
rElec   .          Harm     .   (no cloak)
rCorr   .          Rampage  .   (no gloves)
Will    .....                   (boots unavailable)
Stlth   ++........              (no amulet)
HPRegen 0.14/turn               f - +6 ring of dexterity
MPRegen 0.00/turn               (no ring)

@: flying
A: sickness immunity, fire resistance 2, cold vulnerability 1, float, innate
caster, hp casting, extra vitality 1
a: no special abilities


You were on level 4 of the Dungeon.
You visited 1 branch of the dungeon, and saw 4 of its levels.

You collected 204 gold pieces.

Inventory:

Hand Weapons
 h - a +1 short sword (weapon)
Armour
 a - a +0 robe (worn)
 e - a +2 kite shield of protection
Jewellery
 f - a +6 ring of dexterity (left hand)
Potions
 d - a potion of cancellation {unknown}
 g - a potion of haste {unknown}
 i - 2 potions of curing {unknown}
 j - 3 potions of degeneration {unknown}
 k - a potion of mutation {unknown}
 l - a potion of resistance {unknown}


   Skills:
 * Level 1.7 Fighting
 + Level 2.6 Dodging
 + Level 1.9 Stealth
 + Level 0.1 Unarmed Combat
 * Level 4.6 Spellcasting


You couldn't memorise any spells.
You knew the following spells:

 Your Spells              Type           Power      Damage    Failure   Level
a - Foxfire               Conj/Fire      88%        2x1d8     1%          1
b - Conjure Flame         Conj/Fire      22%        6-21      6%          3
c - Inner Flame           Hex/Fire       22%        N/A       6%          3
d - Sticky Flame          Conj/Fire      22%        2d4       19%         4
e - Fireball              Conj/Fire      11%        3d7       47%         5
f - Animate Skeleton      Necr           44%        N/A       1%          1
g - Corpse Rot            Necr/Air       N/A        N/A       3%          2
Your spell library was empty.

Dungeon Overview and Level Annotations

Branches:
Dungeon (4/15)
 Temple: D:4-7

Altars:
The Shining One


Innate Abilities, Weirdness & Mutations

You are immune to sickness and miasma.
You are immune to poison.
Your flesh is very heat resistant. (rF++)
You are vulnerable to cold. (rC-)
You float through the air rather than walking.
You learn spells naturally, not from books.
Your magical power is your life essence.
You have superior vitality. (+4 HP)


Message History

The black bear is severely wounded.
The foxfire hits the black bear but does no damage.
The black bear is severely wounded.
The foxfire hits the black bear but does no damage.
The black bear is severely wounded.
The foxfire hits the black bear.
The black bear is severely wounded.
The black bear goes berserk!
Casting: Foxfire (safe; 1% risk of failure)
Press: ? - help, Q - select action, (/) - cycle Dir - look around, f - activate You conjure some foxfire!
The foxfire hits the black bear.
The black bear is severely wounded.
The foxfire hits the black bear.
The black bear is almost dead.
The black bear bites you! The black bear claws you. x2
Your foxfire dissipates!
The foxfire hits the black bear but does no damage.
The black bear is almost dead.
The black bear bites you.
The black bear claws you but does no damage.
The black bear barely misses you.
As you read the scroll labelled XER YV MEF, it crumbles to dust.
You assume a fearsome visage.
The black bear is unaffected.
It was a scroll of fear.
The black bear closely misses you. The black bear claws you. x2
* * * LOW HITPOINT WARNING * * *
The black bear completely misses you. The black bear misses you.
The black bear claws you but does no damage.
As you read the scroll labelled QUSABADIUK, it crumbles to dust.
It is a scroll of amnesia.
You feel forgetful for a moment. The black bear bites you.
* * * LOW HITPOINT WARNING * * *
The black bear claws you but does no damage.
The black bear claws you.
* * * LOW HITPOINT WARNING * * *
The black bear bites you!
* * * LOW HITPOINT WARNING * * *
The black bear claws you.
You die...

..##.............................
..#..##..........................
.........###........>####........
.........# #.........# ##.......
#.#......# #.........######......
..#......###..............#......
.....................####........
.........###..........# *#.......
..##.....#*#....@.....####.......
..##.........###h####......#.....
............####.########........
#..####.#.............#####......
#.## *,..........####..####......
..# *,..........#**##...##......
.##***,,,....#..>.,,*###.........
...,,,,,,!...#.....,* ####......
...,**,,,...,#......* ##.....


You could see a black bear (berserk).

Vanquished Creatures
  A phantom (D:4)
  A scorpion (D:4)
  An iguana (D:4)
  An adder (D:3)
  2 worms (D:2)
  3 dart slugs
  An orc (D:3)
  5 ball pythons
  6 endoplasms
  3 giant cockroaches
  6 goblins
  6 hobgoblins
  3 jackals (D:1)
  3 quokkas
  4 bats (D:2)
  2 frilled lizards (D:1)
  A goblin skeleton (D:3)
  5 hobgoblin zombies (D:3)
  7 kobolds
  A kobold skeleton (D:3)
  2 kobold zombies (D:3)
  An orc skeleton (D:3)
  5 rats
70 creatures vanquished.

Vanquished Creatures (others)
  368 foxfires
  3 withered plants (D:4)
371 creatures vanquished.

Grand Total: 441 creatures vanquished

Notes
Turn   | Place    | Note
-------+----------+-------------------------------------------
     0 | D:1      | robertstho the Djinni Fire Elementalist began the quest for
                  | the Orb.
     0 | D:1      | Reached XP level 1. HP: 15/15 MP: 0/0
   369 | D:1      | Reached XP level 2. HP: 7/21 MP: 0/0
   909 | D:1      | Found a faded altar of an unknown god.
   973 | D:1      | Reached skill level 3 in Spellcasting
  1362 | D:2      | Reached XP level 3. HP: 22/26 MP: 0/0
  1362 | D:2      | Learned a level 1 spell: Animate Skeleton
  2360 | D:2      | Reached XP level 4. HP: 27/31 MP: 0/0
  2579 | D:3      | Reached skill level 1 in Fighting
  3014 | D:3      | Found a glowing golden altar of the Shining One.
  4408 | D:4      | Noticed a scorpion
  4412 | D:4      | Killed a scorpion
  4413 | D:4      | Reached skill level 4 in Spellcasting
  4413 | D:4      | Reached XP level 5. HP: 29/37 MP: 0/0
  4413 | D:4      | Learned a level 2 spell: Corpse Rot
  4577 | D:4      | Noticed a phantom
  4589 | D:4      | Killed a phantom
  4590 | D:4      | Reached XP level 6. HP: 21/42 MP: 0/0
  4849 | D:4      | Noticed a black bear
  4863 | D:4      | HP: 2/43 [black bear (7)]
  4863 | D:4      | Slain by a black bear

Illustrated notes

Levels and vault maps discovered:
D:1:      lightli_arrival_noodles, layout_basic, ebering_ecumenical_altar_mist,
          chequers_serial_rivers_micro_b
D:2:      layout_rooms
D:3:      layout_loops_cross, nicolae_tso_besieged_by_evil, st_stairs_1,
          guppyfry_early_lair_pool
D:4:      layout_rooms, kiku_gazebo_garden_becter

Skill      XL: |  1  2  3  4 |
---------------+-------------+-----
Spellcasting   | 3 4 |  4.6
Fighting       | 1 |  1.7
Dodging        | |  2.6
Stealth        | |  1.9
Unarmed Combat | |  0.1

Action                   |  1- 3 |  4- 6 || total
-------------------------+-------+-------++-------
Melee: Unarmed           |       |    23 ||    23
       Short sword       |       |     9 ||     9
 Cast: Foxfire           |    94 |   138 ||   232
  Use: Scroll            |       |     7 ||     7
Armor: Robe              |     3 |    14 ||    17
Dodge: Dodged            |    12 |    43 ||    55

Table legend: (Time is in decaauts)
 A = Elapsed time spent in this place.
 B = Non-inter-level travel time spent in this place.
 C = Inter-level travel time spent in this place.
 D = Time resting spent in this place.
 E = Time spent auto-exploring this place.
 F = Levels seen in this place.
 G = Mean time per level.
                   A        B        C        D        E       F      G
               +--------+--------+--------+--------+--------+-----+--------+
         Total |   4864 |   4740 |    124 |    400 |   3631 |   4 | 1216.0 |
       Dungeon |   4864 |   4740 |    124 |    400 |   3631 |   4 | 1216.0 |
               +--------+--------+--------+--------+--------+-----+--------+

Top non-repeatable levels by time:
     D:2: 1597 daAuts
     D:1: 1358 daAuts
     D:3: 1238 daAuts
     D:4: 670 daAuts
